Map: Ascension to Aiur LE

Players

LiquidSnute (Snute) - Winner!

  • Race: Zerg Zerg
  • League: Master
  • Spawn Location: 5:00

Bly

  • Race: Zerg Zerg
  • League: Grandmaster
  • Spawn Location: 11:00

Event: HomeStory Cup XVI

VOD

Have the link to the VOD?

Description

Time

  • Played on: Nov. 11, 2017, 7:32 a.m.
  • Length: 10:21

All games in this series

Show
View Real Time Build Order
Export as new Build Order

LiquidSnute Zerg - Winner!

Build Orders: Hatch First 

Get SALT Encoding   

  12  0:00  Drone  
  13  0:12  Overlord  
  13  0:17  Drone  
  14  0:30  Drone x2  
  14  0:34  Drone  
  17  0:51  Hatchery  
  17  0:54  Drone  
  17  0:57  Drone  
  17  1:01  Extractor  
  17  1:13  Spawning Pool  
  17  1:16  Drone  
  17  1:19  Drone  
  18  1:27  Drone  
  19  1:38  Overlord  
  19  1:49  Drone  
  20  1:59  Queen  
  20  2:01  Metabolic Boost  
  22  2:03  Queen  
  22  2:04  Zergling x2  
  22  2:07  Zergling x2  
  26  2:10  Zergling x2  
  26  2:14  Drone  
  28  2:21  Drone  
  29  2:27  Zergling x2  
  30  2:32  Zergling x2  
  30  2:36  Spine Crawler  
  30  2:37  Queen  
  32  2:48  Zergling x6  
  32  2:59  Baneling Nest  
  32  3:00  Drone  
  32  3:05  Drone x2  
  32  3:11  Drone  
  32  3:22  Drone  
  32  3:23  Drone  
  33  3:30  Drone  
  34  3:35  Zergling x2  
  34  3:37  Overlord  
  35  3:48  Zergling x2  
  36  3:51  Overlord  
  36  3:54  Baneling  
  33  3:57  Zergling x8  
  33  4:01  Zergling x4  
  31  4:10  Zergling x2  
  31  4:15  Drone x3  
  34  4:27  Baneling  
  34  4:29  Drone x2  
  36  4:32  Drone  
  36  4:36  Baneling  
  36  4:38  Drone x3  
  40  4:41  Drone  
  39  4:53  Zergling x6  
  39  4:54  Baneling  
  39  4:55  Baneling  
  42  5:04  Drone x2  
  41  5:09  Drone x3  
  41  5:12  Drone  
  41  5:13  Queen  
  47  5:16  Extractor  
  47  5:17  Drone  
  47  5:25  Drone  
  47  5:26  Drone  
  47  5:27  Roach Warren  
  45  5:47  Drone x6, Hatchery  
  49  5:57  Evolution Chamber, Lair  
  49  5:58  Drone x2  
  49  6:05  Zergling x2  
  49  6:09  Queen  
  49  6:11  Overlord  
  51  6:16  Overlord  
  51  6:20  Extractor  
  49  6:33  Roach x5  
  49  6:36  Zerg Ground Armor Level 1  
  49  6:38  Zergling x2  
  59  6:44  Queen  
  59  6:45  Drone x2  
  63  7:00  Queen x2, Nydus Network  
  66  7:06  Roach x2  
  70  7:10  Roach  
  70  7:13  Roach  
  74  7:17  Overlord  
  74  7:18  Overlord  
  73  7:32  Overlord x2  
  73  7:35  Queen, Glial Reconstitution  
  73  7:37  Nydus Canal  
  73  7:40  Roach  
  73  7:41  Queen x2  
  78  7:52  Roach x4  
  86  8:00  Roach x2  
  86  8:02  Roach  
  86  8:05  Drone x4  
  88  8:07  Drone  
  88  8:08  Drone  
  88  8:10  Drone  
  88  8:11  Queen  
  88  8:12  Drone  
  82  8:15  Drone  
  83  8:25  Roach x4  
  91  8:28  Roach  
  91  8:29  Roach  
  91  8:31  Roach  
  97  8:38  Roach  
  98  8:44  Zergling x8  
  98  8:45  Zergling x2  
  103  8:50  Zergling x4  
  105  8:58  Overlord  
  105  8:59  Overlord  
  105  9:03  Overlord  
  105  9:12  Overlord  
  105  9:15  Baneling  
  105  9:16  Baneling x5  
  105  9:17  Roach x4  
  105  9:18  Roach  
  105  9:22  Roach x3  
  105  9:23  Zergling x6  
  124  9:26  Roach  
  124  9:27  Roach  
  128  9:38  Roach x3  
  129  9:43  Roach  
  129  9:44  Roach  
  123  9:55  Nydus Canal  
  123  9:57  Overlord x2  
  124  10:08  Extractor  
  124  10:12  Hatchery  
Show
View Real Time Build Order
Export as new Build Order

Bly Zerg 

Build Orders: Pool First 

Get SALT Encoding   

  12  0:01  Drone  
  13  0:13  Extractor  
  12  0:24  Spawning Pool  
  11  0:30  Drone  
  11  0:33  Drone  
  13  0:38  Drone  
  14  0:50  Overlord  
  14  1:14  Queen  
  14  1:15  Zergling x2  
  14  1:17  Metabolic Boost  
  17  1:22  Zergling x2  
  18  1:26  Zergling x2  
  18  1:29  Zergling x2  
  20  1:39  Zergling x2  
  21  1:55  Hatchery  
  20  2:04  Overlord  
  20  2:08  Zergling x2  
  21  2:16  Zergling x2  
  22  2:23  Zergling x6  
  22  2:29  Zergling x2  
  26  2:35  Zergling x2  
  25  2:51  Zergling x2  
  25  3:05  Zergling x6  
  23  3:17  Drone, Zergling x2  
  21  3:29  Queen x2  
  25  3:35  Zergling x8  
  25  3:39  Zergling x2  
  30  3:51  Zergling x6  
  30  3:52  Zergling x2  
  32  3:58  Zergling x2  
  27  4:13  Zergling x2  
  27  4:14  Zergling x8  
  31  4:23  Drone  
  32  4:27  Drone  
  33  4:34  Drone  
  34  4:39  Drone  
  34  4:41  Overlord  
  34  4:44  Overlord  
  31  4:54  Drone x3  
  32  5:04  Drone x4  
  34  5:09  Drone  
  35  5:16  Drone  
  35  5:17  Drone x2  
  36  5:23  Spine Crawler  
  32  5:43  Zergling x2  
  32  5:44  Zergling x10  
  38  5:51  Drone x2  
  38  5:52  Drone x4  
  44  6:06  Hatchery  
  44  6:08  Drone  
  44  6:09  Drone  
  45  6:12  Evolution Chamber, Drone x2  
  46  6:19  Overlord  
  44  6:32  Drone  
  44  6:33  Drone x5  
  44  6:38  Extractor, Overlord  
  47  6:40  Zerg Melee Weapons Level 1  
  47  6:45  Zergling x2  
  46  6:48  Queen  
  46  6:54  Zergling x10  
  50  6:55  Zergling x2  
  50  6:56  Roach Warren  
  53  7:02  Zergling x4  
  53  7:07  Extractor  
  54  7:20  Zergling x2  
  54  7:21  Zergling x18  
  64  7:33  Overlord  
  64  7:37  Overlord  
  63  7:38  Drone  
  63  7:44  Roach x3  
  70  7:53  Roach x5  
  70  7:58  Roach x5  
  85  8:03  Roach  
  77  8:17  Overlord  
  77  8:18  Drone x4  
  77  8:19  Drone  
  82  8:26  Zergling x6  
  82  8:27  Zergling x8  
  88  8:40  Zergling x8  
  92  8:46  Overlord  
  92  8:47  Zergling x6  
  92  8:48  Overlord  
  95  8:56  Zergling x2  
  95  8:57  Zergling x4  
  95  8:58  Overlord  
  95  9:02  Overlord  
  98  9:07  Overlord  
  98  9:16  Zergling x10  
  103  9:19  Ravager x6  
  103  9:20  Ravager x3  
  103  9:21  Zergling x2  
  113  9:25  Zergling x2  
  113  9:26  Zergling x2  
  103  9:41  Zergling x2  
  103  9:42  Zergling x16  
  75  9:53  Zergling x6  
  75  9:58  Extractor  
  64  10:05  Extractor  
  64  10:06  Hatchery  
Tags
 
Add a new tag
Caveats
  • Supply blocks, unpowered buildings, or Contaminate may cause inaccurate times.
  • Supply counts are checked every 10 seconds.